[Event "Rapid Tournament (RAP)"]
[Site "Biel, Switzerland"]
[Date "2026.07.12"]
[Round "3.27"]
[White "Di Meo, Quentin"]
[Black "Hornung, Hans"]
[Result "0-1"]
[TimeControl "15 + 5"]
[WhiteTitle "-"]
[BlackTitle "-"]
[WhiteFideId "1338498"]
[BlackFideId "4615140"]
[WhiteElo "1828"]
[BlackElo "2040"]

1. c4 Nf6 2. Nc3 c5 3. g3 e6 4. Bg2 d5 5. cxd5 exd5 6. d3 Nc6 7. Nf3 d4 8. Nb1 Be7 9. O-O O-O 10.
Nbd2 Re8 11. Ng5 Bf8 12. Nde4 Nd5 13. Nh3 h6 14. Nf4 Nb6 15. a4 a5 16. Nd2 g5 17. Nh5 Be6 18. Ne4 Be7 19.
h3 f5 20. Nd2 Bf7 21. g4 Qd7 22. f3 Nd5 23. Nc4 f4 24. Bd2 Ra6 25. Ra3 Kh8 26. Qe1 Bd8 27. Qd1 Bc7 28. Rb3 Ncb4 29.
Re1 Rae6 30. Bc1 b6 31. Bd2 Ne3 32. Nxe3 fxe3 33. Bxb4 axb4 34. Rf1 Bxh5 35. gxh5 Qd6 36. f4 gxf4 37. Bf3 R6e7 38. Kh2 Rg7 39.
Rg1 Reg8 40. Rg4 Rxg4 41. hxg4 Rg7 42. Qa1 Qf6 43. Kh3 Bd8 44. Qh1 Qh4+ 45. Kg2 Qg3+ 46. Kf1 Qf2# 0-1

[Event "Rapid Tournament (RAP)"]
[Site "Biel, Switzerland"]
[Date "2026.07.12"]
[Round "3.28"]
[White "Labrovic, Jakov"]
[Black "Gaier, Walter"]
[Result "1-0"]
[TimeControl "15 + 5"]
[WhiteTitle "-"]
[BlackTitle "-"]
[WhiteFideId "14549786"]
[BlackFideId "1310186"]
[WhiteElo "2005"]
[BlackElo "1832"]

1. e4 c5 2. Nf3 d6 3. c3 Nf6 4. h3 Bd7 5. Bd3 Bc6 6. Qe2 Nbd7 7. Bc2 Ne5 8. d4 Nxf3+ 9. Qxf3 cxd4 10. cxd4 Qc7 11. Nc3 g6 12.
O-O Bg7 13. Be3 O-O 14. Rac1 b6 15. Bb3 Qd7 16. d5 Bb7 17. Ba4 Qd8 18. Bc6 Rb8 19. b4 Bxc6 20. dxc6 a6 21. b5 Qc7 22.
a4 e6 23. Rfd1 d5 24. exd5 Nxd5 25. Nxd5 exd5 26. Rxd5 Rfd8 27. Bf4 1-0

[Event "Rapid Tournament (RAP)"]
[Site "Biel, Switzerland"]
[Date "2026.07.12"]
[Round "3.29"]
[White "Yang, Sung-Jui"]
[Black "Arntz, Christoph"]
[Result "0-1"]
[TimeControl "15 + 5"]
[WhiteTitle "-"]
[BlackTitle "-"]
[WhiteFideId "16301048"]
[BlackFideId "16257723"]
[WhiteElo "1825"]
[BlackElo "1999"]

1. d4 Nf6 2. Nf3 e6 3. c4 d5 4.
Nc3 c6 5. Bg5 Nbd7 6. e3 Qa5 7. cxd5 Nxd5 8. Qd2 Bb4 9. Rc1 O-O 10. Bd3 c5 11. a3 Bxc3 12. bxc3 f6 13. Bh4 Qxa3 14.
O-O cxd4 15. cxd4 Qe7 16. e4 Nb4 17. Bc4 Nb6 18. Bb3 Kh8 19. Rc5 Na6 20. Rc3 Qe8 21. Bg3 Qd8 22. Rfc1 Bd7 23.
d5 e5 24. Ne1 Rc8 25. Nd3 Bb5 26. Rxc8 Nxc8 27. Nc5 Nxc5 28. Rxc5 Qb6 29. Qb4 Nd6 30. Rc1 Rd8 31. h3 h6 32. Rb1 Qc7 33. f4 a5 34. Qe1 exf4 35. Bxf4 Qb6+ 36. Be3 Qa6 37.
Bd4 Bd3 38. Rc1 Bxe4 39. Bc5 f5 40. g4 Qd3 41. Bxd6 Rxd6 42. Bc2 Qd4+ 43. Kh2 Qxd5 44. Bxe4 fxe4 45. Rc8+ Kh7 46. Qf1 Qe5+ 47.
Kh1 e3 48. Rc2 Qe4+ 0-1

[Event "Rapid Tournament (RAP)"]
[Site "Biel, Switzerland"]
[Date "2026.07.12"]
[Round "3.30"]
[White "Javet, Blaise"]
[Black "Brixius, Dirk"]
[Result "0-1"]
[TimeControl "15 + 5"]
[WhiteTitle "-"]
[BlackTitle "-"]
[WhiteFideId "1305026"]
[BlackFideId "12909734"]
[WhiteElo "1980"]
[BlackElo "1821"]

1. e4 c6 2. d4 d5 3. e5 c5 4.
dxc5 Nc6 5. Nf3 e6 6. c3 Bxc5 7. Bd3 Nge7 8. O-O Ng6 9. b4 Bb6 10. Re1 Qc7 11. Qe2 Bd7 12. a4 a5 13.
b5 Nce7 14. Ba3 Bc5 15. Bxc5 Qxc5 16. Nbd2 O-O 17. Rec1 Nf4 18. Qf1 b6 19. Nb3 Qc7 20. Nbd2 Rac8 21. g3 Nxd3 22. Qxd3 Ng6 23.
Qd4 Qb8 24. h4 Rfd8 25. Re1 Rc5 26. Rac1 Rdc8 27. h5 Ne7 28. h6 Nf5 29. Qd3 Nxh6 30. Kg2 Qc7 31. Ng5 Nf5 32. g4 Qd8 33. f4 Nh4+ 34. Kf2 h6 35. Ngf3 Ng6 36. Kg3 Qc7 37. Re3 f5 38.
g5 h5 39. Nd4 h4+ 40. Kf3 Kf7 41.
N4b3 Rc4 42. Nd4 Rxa4 43. c4 dxc4 44. Qc3 Rb4 45. Nxf5 exf5 0-1

[Event "Rapid Tournament (RAP)"]
[Site "Biel, Switzerland"]
[Date "2026.07.12"]
[Round "3.31"]
[White "Moesching, Colin"]
[Black "Liengme, Samuel"]
[Result "1-0"]
[TimeControl "15 + 5"]
[WhiteTitle "-"]
[BlackTitle "-"]
[WhiteFideId "1345036"]
[BlackFideId "1368141"]
[WhiteElo "1820"]
[BlackElo "1967"]

1. e4 c6 2. d4 d5 3.
exd5 cxd5 4. Bd3 Nf6 5. Bf4 Nc6 6. c3 Bg4 7. Nf3 e6 8. Nbd2 Bd6 9. Bg3 O-O 10. O-O Rc8 11. Qe1 Bxg3 12.
fxg3 Qd6 13. Ne5 Nxe5 14. dxe5 Qc5+ 15. Qf2 Nd7 16. Rae1 Rc6 17. Nb3 Qb6 18. Qd4 Qxd4+ 19. Nxd4 Rb6 20.
Rf2 Nc5 21. Bc2 g6 22. b4 Nd7 23. h3 Bf5 24. Ba4 Rd8 25. Nb5 Ra6 26. Bb3 Bd3 27. Nd6 Nxe5 28. Nxb7 Rc8 29.
Rxe5 Rxc3 30. Nc5 Rb6 31. Na4 Rc1+ 32. Kh2 Rxb4 33. Re3 Bc4 34. Ref3 f5 35. Re3 Kf7 36.
Nc5 d4 37. Ref3 e5 38. Nd3 e4 39. Nxc1 exf3 40. Rxf3 Kf6 41. Nd3 Bxd3 42. Rxd3 Ke5 43. Kg1 Ke4 44. Rd1 a5 45. Kf2 a4 46.
Bg8 Rb2+ 47. Kf1 Rxa2 48. Bxa2 1-0

[Event "Rapid Tournament (RAP)"]
[Site "Biel, Switzerland"]
[Date "2026.07.12"]
[Round "3.32"]
[White "Papageorgiou Martinella, Ilios"]
[Black "Alexakis, Dimitrios"]
[Result "0-1"]
[TimeControl "15 + 5"]
[WhiteTitle "-"]
[BlackTitle "-"]
[WhiteFideId "1368494"]
[BlackFideId "4200527"]
[WhiteElo "1809"]
[BlackElo "1954"]

1. d4 Nf6 2. c4 c5 3. d5 b5 4. cxb5 a6 5. e3 g6 6. Nc3 Bg7 7. Nf3 O-O 8. Be2 d6 9. O-O axb5 10. Bxb5 Ba6 11.
Re1 Qb6 12. Bxa6 Nxa6 13. e4 Nd7 14. Nd2 Nb4 15. a3 Qa6 16. Nb3 Nd3 17. Re3 Nxc1 18. Rxc1 Bh6 19. Rh3 Bxc1 20. Qxc1 Rfb8 21.
Nd2 Qb7 22. Nd1 Qb5 23. Nf3 Qe2 24. Qd2 Qxd2 25. Nxd2 Ra4 26. Rc3 Rd4 27. Rc2 Ne5 28. f4 Nc4 29. Nxc4 Rxd1+ 30. Kf2 Rd4 31.
Ke3 Rb3+ 32. Kf2 Rxe4 33. Nd2 Rxf4+ 34. Ke2 Rb8 35. Ke3 Rf5 0-1

[Event "Rapid Tournament (RAP)"]
[Site "Biel, Switzerland"]
[Date "2026.07.12"]
[Round "3.33"]
[White "Laub, Patrick"]
[Black "Arocha, Carlos"]
[Result "1-0"]
[TimeControl "15 + 5"]
[WhiteTitle "-"]
[BlackTitle "-"]
[WhiteFideId "1302566"]
[BlackFideId "1311590"]
[WhiteElo "1949"]
[BlackElo "1807"]

1. e4 g6 2. d4 Bg7 3. Nc3 d6 4. f4 Nf6 5. Nf3 O-O 6. Bc4 e6 7. O-O a6 8. Bb3 b5 9. e5 dxe5 10.
fxe5 Nd5 11. Ne4 f5 12. exf6 Nxf6 13. Bg5 h6 14. Nxf6+ Bxf6 15. Bxh6 Re8 16. Qd3 Kh7 17. Be3 Bb7 18.
Rad1 Nd7 19. c3 Qe7 20. Bc2 Qg7 21. Ng5+ Bxg5 22. Bxg5 Rf8 23. Qh3+ Kg8 24. Qxe6+ Kh7 25. Qh3+ Kg8 26. Bb3+ 1-0

[Event "Rapid Tournament (RAP)"]
[Site "Biel, Switzerland"]
[Date "2026.07.12"]
[Round "3.34"]
[White "Mueller, Ladina"]
[Black "Schwab, Felix"]
[Result "0-1"]
[TimeControl "15 + 5"]
[WhiteTitle "-"]
[BlackTitle "-"]
[WhiteFideId "1351907"]
[BlackFideId "1311450"]
[WhiteElo "1807"]
[BlackElo "1945"]

1. c4 c5 2. Nc3 Nf6 3. g3 d5 4. cxd5 Nxd5 5. Bg2 e6 6. e3 Nc6 7. Nge2 Ndb4 8. O-O Nd3 9. b3 Be7 10.
Ba3 O-O 11. Ne4 f5 12. N4c3 Bd7 13. Qc2 Ncb4 14. Qb1 Bc6 15. Nc1 Bxg2 16. Kxg2 Qd7 17. Nxd3 Nxd3 18. Ne2 Bf6 19. Nc3 b5 20.
b4 c4 21. Qc2 Qc6+ 22. f3 Rfd8 23. Rad1 a5 24. Qb1 axb4 25. Bxb4 Nxb4 26. Qxb4 Bxc3 27. dxc3 Rxa2+ 28. Kg1 Rxd1 29.
Rxd1 Qxf3 30. Rd8+ Kf7 31. Qf8+ Kg6 32. Qe8+ Kh6 33. Qxe6+ g6 0-1

[Event "Rapid Tournament (RAP)"]
[Site "Biel, Switzerland"]
[Date "2026.07.12"]
[Round "3.35"]
[White "Tcheau, Alain"]
[Black "Alrefae, Ahmad"]
[Result "0-1"]
[TimeControl "15 + 5"]
[WhiteTitle "-"]
[BlackTitle "-"]
[WhiteFideId "1306014"]
[BlackFideId "10306510"]
[WhiteElo "1932"]
[BlackElo "1797"]

1. h3 e5 2. c3 d5 3. d4 e4 4. Bf4 h5 5. e3 g5 6. Bh2 Bd6 7. Bxd6 Qxd6 8.
Nd2 Nf6 9. Qb3 Nbd7 10. O-O-O Nb6 11. Kb1 a5 12. c4 a4 13. Qc3 c5 14. dxc5 Qxc5 15. Qxf6 Rg8 16. Qe5+ Be6 17. cxd5 Rc8 18. Qxe4 Nxd5 19. Ne2 Kf8 20.
Rc1 Qa5 21. Rxc8+ Bxc8 22. Qc2 Bf5 23. e4 Nb4 24. Qc3 Rg6 25. Nd4 Bd7 26. Nc4 Qc5 27. Be2 Rf6 28. f3 Rf4 29. g3 Rf6 30.
Nf5 Rxf5 31. exf5 Bxf5+ 32. Kc1 Nxa2+ 33. Kd2 Nxc3 34. Kxc3 b5 0-1

[Event "Rapid Tournament (RAP)"]
[Site "Biel, Switzerland"]
[Date "2026.07.12"]
[Round "3.36"]
[White "Pinelli, Gian"]
[Black "Hashem, Khaled"]
[Result "1-0"]
[TimeControl "15 + 5"]
[WhiteTitle "-"]
[BlackTitle "-"]
[WhiteFideId "1348710"]
[BlackFideId "10300201"]
[WhiteElo "1774"]
[BlackElo "1926"]

1. d4 d5 2. c4 c6 3. Nc3 Nf6 4. Nf3 e6 5. Bg5 Nbd7 6.
e3 Be7 7. Qc2 h6 8. Bh4 O-O 9. a3 b6 10. cxd5 cxd5 11. Bd3 Bb7 12. O-O Rc8 13. Rfc1 Ne4 14. Bg3 Nxg3 15. hxg3 Bd6 16.
Qb1 a6 17. b4 b5 18. a4 bxa4 19. Nxa4 Rxc1+ 20. Qxc1 Bxb4 21. Qb2 a5 22. Nc3 Nb6 23. Ne5 Qe7 24. Na2 Rc8 25. Nxb4 axb4 26.
Ra7 Nc4 27. Nxc4 dxc4 28. Be4 Rc7 29. Bxb7 Rxb7 30. Ra8+ Kh7 31.
Qc2+ g6 32. Qxc4 b3 33. Qc8 1-0

[Event "Rapid Tournament (RAP)"]
[Site "Biel, Switzerland"]
[Date "2026.07.12"]
[Round "3.37"]
[White "Pinson, Clement"]
[Black "Bachmann, Daniel"]
[Result "1-0"]
[TimeControl "15 + 5"]
[WhiteTitle "-"]
[BlackTitle "-"]
[WhiteFideId "26098660"]
[BlackFideId "1357492"]
[WhiteElo "1924"]
[BlackElo "1786"]

1. e4 e6 2. d4 d5 3. e5 c5 4.
c3 Nc6 5. Nf3 Qb6 6. Bd3 cxd4 7.
cxd4 Bd7 8. O-O Nxd4 9. Nxd4 Qxd4 10.
Nc3 a6 11. Qe2 Ne7 12. Rd1 Qb6 13.
Be3 Qd8 14. f4 Nc6 15. Bf2 Rc8 16. Rac1 Nb4 17. Bb1 Be7 18. a3 Nc6 19. f5 Bg5 20. Rc2 Bf4 21. Nxd5 exd5 22. e6 Bxe6 23.
fxe6 O-O 24. Rxc6 Bxh2+ 25. Kxh2 Rxc6 26. e7 Qd6+ 27. Bg3 Qh6+ 28. Kg1 Re8 29. Rxd5 Re6 30. Rd8 Qc1+ 31. Qf1 Qxf1+ 32. Kxf1 R6xe7 33.
Rxe8+ Rxe8 34. Kf2 g6 35. Kf3 Kg7 36.
Be4 b6 37. Bf2 Re6 38. Bd5 Rd6 39. Ke4 b5 40. Bc5 Rd8 41. Bb7 Re8+ 42. Kf3 a5 43. Bc6 b4 44. Bxe8 1-0

[Event "Rapid Tournament (RAP)"]
[Site "Biel, Switzerland"]
[Date "2026.07.12"]
[Round "3.38"]
[White "Martin, Gerome"]
[Black "Wilhelm, Serge"]
[Result "0-1"]
[TimeControl "15 + 5"]
[WhiteTitle "-"]
[BlackTitle "-"]
[WhiteFideId "1360817"]
[BlackFideId "1305808"]
[WhiteElo "1757"]
[BlackElo "1923"]

1. e4 c6 2. d4 d5 3. f3 e6 4. Nc3 Bb4 5. Bd2 Nf6 6. a3 Ba5 7. e5 Nfd7 8. f4 g6 9. Nf3 Bb6 10. Bd3 a6 11. O-O c5 12.
Ne2 Nc6 13. c3 Ba7 14. Kh1 b5 15. Be1 cxd4 16. Nexd4 Nxd4 17. Nxd4 Bb7 18. Qg4 h5 19. Qh3 Nc5 20. Bh4 Qd7 21.
Bc2 Bb6 22. Rad1 Bd8 23. b4 Ne4 24. Bxe4 dxe4 25. Bxd8 Rxd8 26. Qe3 Bd5 27. Qg3 Qe7 28. Qg5 Rc8 29. Qxe7+ Kxe7 30. Rc1 Rc7 31. Rfe1 Rhc8 32. Re3 Rc4 33. h4 Rxd4 34. Kg1 Rd3 35.
Rxd3 exd3 36. Kf2 d2 37. Rd1 Rxc3 38. Rxd2 Rxa3 39. Rc2 Ra2 40. Rxa2 Bxa2 41. Ke3 Kd7 42. Kd4 Kc6 43. g3 Bc4 44.
Ke4 Be2 45. Ke3 Bg4 46. Kd4 Kb6 47. Kc3 a5 48. bxa5+ Kxa5 49. Kb3 b4 50. Kb2 Kb5 51. Kb3 Kc5 52. Kc2 Kd4 53. Kb3 Ke3 54.
Kxb4 Kf3 0-1

[Event "Rapid Tournament (RAP)"]
[Site "Biel, Switzerland"]
[Date "2026.07.12"]
[Round "3.39"]
[White "Aryan, Mehta"]
[Black "Paholok, Igor"]
[Result "1-0"]
[TimeControl "15 + 5"]
[WhiteTitle "-"]
[BlackTitle "-"]
[WhiteFideId "33329664"]
[BlackFideId "1338951"]
[WhiteElo "1921"]
[BlackElo "1784"]

1. d4 g6 2. c4 Bg7 3. Nc3 c5 4. d5 Bxc3+ 5. bxc3 f5 6. Nf3 d6 7. Qc2 Nf6 8.
Bh6 Qa5 9. Bg7 Rg8 10. Bxf6 exf6 11. e3 Nd7 12. Be2 Nb6 13. O-O Na4 14. Rac1 Bd7 15. Nd2 O-O-O 16. Nb3 Qc7 17. Bd3 Nb6 18.
Rb1 Kb8 19. Nd2 Ba4 20. Qc1 Ka8 21. Qa3 Kb8 22. Rxb6 Qxb6 23. Qxa4 Qb2 24. Qc2 Qxc2 25. Bxc2 Rg7 26. Rb1 b6 27. Ba4 Kc7 28. Bc6 a5 29.
f3 Re7 30. Kf2 h5 31. g3 Rb8 32. e4 Rg8 33.
Re1 Rgg7 34. Ba4 Re5 35. exf5 Rxe1 36. Kxe1 gxf5 37. Kf2 Re7 38. Bc2 Re5 39. f4 Re7 40. Bxf5 h4 41. gxh4 Rg7 42. h5 Kd8 43. h6 Rg8 44. Nf3 Ke7 45. Nh4 Kf7 46. h7 Rh8 47. Ng6 Kg7 48. Nxh8 Kxh8 49. Ke3 Kg7 50. Kd2 Kh8 51. Kc2 1-0

[Event "Rapid Tournament (RAP)"]
[Site "Biel, Switzerland"]
[Date "2026.07.12"]
[Round "3.40"]
[White "Boyer, Jean-Francois"]
[Black "Lopez, Manuel"]
[Result "1-0"]
[TimeControl "15 + 5"]
[WhiteTitle "-"]
[BlackTitle "-"]
[WhiteFideId "650226"]
[BlackFideId "1306324"]
[WhiteElo "1749"]
[BlackElo "1916"]

1. e4 e6 2. d4 c5 3. d5 d6 4.
Nc3 e5 5. Nf3 Bg4 6. h3 Bxf3 7. Bb5+ Nd7 8. Qxf3 a6 9. Bxd7+ Qxd7 10. a4 Rb8 11. a5 b5 12. axb6 Rxb6 13.
O-O Nf6 14. Ra5 Be7 15. Qe2 O-O 16. b3 Qb7 17. Be3 Bd8 18. Rfa1 Rb4 19. Rxa6 Nxe4 20. Nxe4 Rxe4 21. Rxd6 c4 22.
bxc4 Qb2 23. Rda6 Qc3 24. R6a4 Bg5 25. R1a3 Qb2 26. Rb3 Qd4 27. Qd3 Bxe3 28. fxe3 Qxd3 29. cxd3 f5 30. dxe4 1-0

[Event "Rapid Tournament (RAP)"]
[Site "Biel, Switzerland"]
[Date "2026.07.12"]
[Round "3.41"]
[White "Materia, Mario"]
[Black "Belmadani, Naim"]
[Result "1-0"]
[TimeControl "15 + 5"]
[WhiteTitle "-"]
[BlackTitle "-"]
[WhiteFideId "651082241"]
[BlackFideId "1354302"]
[WhiteElo "1914"]
[BlackElo "1758"]

1. d4 Nf6 2. c4 c5 3. d5 e6 4. Nc3 exd5 5. cxd5 d6 6. e4 g6 7. Nf3 Bg4 8. Bd3 Bg7 9. h3 Bxf3 10.
Qxf3 O-O 11. O-O a6 12. a4 Nbd7 13. Bf4 Nb6 14. a5 Nc8 15. Qe2 Re8 16. Bh2 Nd7 17. f4 Bd4+ 18. Kh1 Nf6 19. Qf3 Nh5 20. g4 Ng7 21. Bg1 Bxg1 22. Rxg1 Qf6 23.
Qe3 Na7 24. g5 Qe7 25. Qf3 Nh5 26. Rge1 Qd7 27. Na4 Nxf4 28. Nb6 Qxh3+ 29. Qxh3 Nxh3 30. Nxa8 Nf2+ 31. Kg1 Nxd3 32. Re3 Rxa8 33.
Rxd3 Nb5 34. Rf3 Re8 35. Re1 Nd4 36. Rf6 Re5 37. Ref1 Rxg5+ 38. Kf2 Re5 39. Rxd6 Rxe4 40. Rd7 Rf4+ 41.
Kg2 Rg4+ 42. Kh3 f5 43. Re1 Re4 44. Rxe4 fxe4 45. Re7 Ne2 46. Rxe4 Nd4 47. d6 Kf7 48. Re7+ Kf6 49. Rxh7 Ke6 50.
Rxb7 Nc6 51. d7 Nd8 52. Rb6+ Kxd7 53. Rxg6 Nc6 54. Kg2 Nxa5 55. Rxa6 Nc4 56. Ra2 Kd6 57. Kf3 Ne5+ 58. Ke4 Nc6 59. Ra1 Nb4 60. Rd1+ Kc6 61.
Ke5 Kb5 62. Rd2 Kc4 63. Ke4 Kb3 64.
Ke3 Nc2 65. Kd3 Nb4 66. Ke2 c4 67. Kd1 Nd3 68. Rh2 Nxb2+ 69. Kc1 Nd3+ 70. Kd2 Nb4 71. Rh3+ Kb2 72. Rc3 Nd5 73. Rxc4 Kb3 74. Rc8 Kb4 75. Kd3 Nf4+ 76. Ke4 Ne6 77.
Ke5 Nc5 78. Kd5 Nd3 79. Kd4 Nb2 80.
Rb8+ Ka3 81. Kc3 Na4 82. Kc2 Nc5 83. Rb5 Ne4 84. Rb8 Nc5 85. Kc3 Ka4 86. Rb4+ Ka5 87. Kc4 Na6 88. Rb7 Ka4 89.
Ra7 Ka5 90. Rb7 Ka4 91. Kc3 Nc5 92. Rb8 Ka5 93. Kc4 Nd7 94. Rb7 Nb6+ 95. Kc5 Na4 96. Kc6 Nc3 97. Rb6 Ka4 98. Kc5 Ne4+ 99. Kc4 Nd2 100. Kd3 Nb3 101. Kc3 Nc5 102.
Rb4+ Ka5 103. Kc4 Nd7 104. Rb7 Nb6+ 105. Kc5 Na4 106. Kc6 Nc3 107. Rb3 Ne4 108. Kd5 Nd2 109. Rb2 Nf3 110.
Kc5 Ka4 111. Rb4+ Ka3 112. Kc4 Nd2+ 113. Kc3 Nf3 114. Rf4 1-0

[Event "Rapid Tournament (RAP)"]
[Site "Biel, Switzerland"]
[Date "2026.07.12"]
[Round "3.42"]
[White "Hardt, Winfried"]
[Black "Ivarsson, Anders"]
[Result "0-1"]
[TimeControl "15 + 5"]
[WhiteTitle "-"]
[BlackTitle "-"]
[WhiteFideId "1309293"]
[BlackFideId "1768158"]
[WhiteElo "1738"]
[BlackElo "1907"]

1. e4 c5 2. d4 cxd4 3. Qxd4 Nc6 4.
Qd3 g6 5. Nf3 Bg7 6. Be2 d6 7. c3 Nf6 8. h3 O-O 9. Be3 Ne8 10. Qd2 f5 11. Bc4+ e6 12. exf5 gxf5 13. Ng5 d5 14.
Bb3 b6 15. Na3 a6 16. O-O-O Na5 17. Bc2 Nd6 18. Qe2 f4 19. Qh5 h6 20. Qg6 Qxg5 21. Qh7+ Kf7 22. Bxf4 Qxf4+ 23. Kb1 Nf5 24.
g4 Rh8 25. gxf5 Rxh7 26. fxe6+ Bxe6 27. Bxh7 Bf5+ 0-1

[Event "Rapid Tournament (RAP)"]
[Site "Biel, Switzerland"]
[Date "2026.07.12"]
[Round "3.43"]
[White "Lachat, Pierre"]
[Black "Gheorghiu, Harry"]
[Result "0-1"]
[TimeControl "15 + 5"]
[WhiteTitle "-"]
[BlackTitle "-"]
[WhiteFideId "1310763"]
[BlackFideId "1248839"]
[WhiteElo "1904"]
[BlackElo "1751"]

1. b3 Nf6 2. Bb2 b6 3. e3 Bb7 4. Nf3 g6 5. Bc4 Bg7 6. O-O e6 7. d4 O-O 8. Nbd2 d5 9. Bd3 Nbd7 10.
c4 c6 11. Rc1 Rc8 12. Qe2 Qe7 13. cxd5 cxd5 14. Nb1 Rfe8 15. Ba3 Qd8 16. Ba6 Bxa6 17. Qxa6 Rxc1 18. Rxc1 Qb8 19. Nc3 Rc8 20. Nb5 Rxc1+ 21. Bxc1 Ne4 22. Qxa7 Qc8 23. Nc7 Bf8 24.
Nd2 Bd6 25. Qa8 Nb8 26. Nb5 Qxc1+ 27. Nf1 Nd2 0-1

[Event "Rapid Tournament (RAP)"]
[Site "Biel, Switzerland"]
[Date "2026.07.12"]
[Round "3.44"]
[White "Ziegler, Andrin"]
[Black "Alsaqer, Meshal"]
[Result "0-1"]
[TimeControl "15 + 5"]
[WhiteTitle "-"]
[BlackTitle "-"]
[WhiteFideId "1364138"]
[BlackFideId "10301771"]
[WhiteElo "1730"]
[BlackElo "1903"]

1. b3 d5 2. Bb2 Nf6 3. e3 c6 4. c4 Bf5 5. d4 e6 6. Nf3 Bb4+ 7. Nbd2 O-O 8. a3 Bd6 9. Be2 h6 10. O-O a5 11. Ne5 Nbd7 12.
Ndf3 Ne4 13. Rc1 Nxe5 14. Nxe5 Qe7 15. c5 Bxe5 16. dxe5 Nxc5 17. b4 axb4 18. axb4 Nd7 19. b5 c5 20.
Qb3 c4 21. Qc3 Ra2 22. Ra1 Rfa8 23. Rxa2 Rxa2 24. Ra1 Rxa1+ 25. Bxa1 Qc5 26. Qa5 Kh7 27. Bd4 Qc8 28. Qc3 Nc5 29.
f3 Bg6 30. Bxc5 Qxc5 31. Qb2 Qxe3+ 32. Kf1 c3 33. Qb3 d4 0-1

[Event "Rapid Tournament (RAP)"]
[Site "Biel, Switzerland"]
[Date "2026.07.12"]
[Round "3.45"]
[White "Boner, Timm"]
[Black "Kwiatkowski, Maciej"]
[Result "0-1"]
[TimeControl "15 + 5"]
[WhiteTitle "-"]
[BlackTitle "-"]
[WhiteFideId "1330039"]
[BlackFideId "1360175"]
[WhiteElo "1720"]
[BlackElo "1902"]

1. e4 c5 2. Nf3 e6 3. Bc4 Nc6 4. O-O a6 5. Re1 d6 6. d4 cxd4 7. Nxd4 Be7 8. Nxc6 bxc6 9. Nc3 d5 10.
exd5 cxd5 11. Bb3 Nf6 12. Ba4+ Bd7 13. Bb3 O-O 14. Bg5 a5 15. a4 Bc6 16. Qd4 Rb8 17. h3 h6 18. Be3 Rb4 19.
Qa7 d4 20. Bf4 dxc3 21. Bc7 Qa8 22. Qxa5 cxb2 23. Qxa8 Rxa8 24. Ra2 Nd5 25. Rxb2 Nxc7 0-1

[Event "Rapid Tournament (RAP)"]
[Site "Biel, Switzerland"]
[Date "2026.07.12"]
[Round "3.46"]
[White "Lang, Fabian"]
[Black "Chu, Wa Ching David"]
[Result "1/2-1/2"]
[TimeControl "15 + 5"]
[WhiteTitle "-"]
[BlackTitle "-"]
[WhiteFideId "1310160"]
[BlackFideId "6013180"]
[WhiteElo "1900"]
[BlackElo "1723"]

1. d4 d5 2. Nf3 Nf6 3. g3 e6 4. Bg2 Be7 5.
O-O O-O 6. c4 dxc4 7. Qc2 c6 8. Qxc4 b5 9. Qc2 Bb7 10. Nc3 Nbd7 11. Bf4 Qb6 12.
Rac1 Rac8 13. Rfd1 Rfd8 14. a3 c5 15. dxc5 Nxc5 16. b4 Nce4 17. Rxd8+ Bxd8 18. Be3 Rxc3 19. Qxc3 Nxc3 20. Bxb6 Nxe2+ 21. Kf1 Nxc1 22. Bxd8 Nd3 23. Bxf6 gxf6 24. Nd4 1/2-1/2

[Event "Rapid Tournament (RAP)"]
[Site "Biel, Switzerland"]
[Date "2026.07.12"]
[Round "3.47"]
[White "Berezovskii, Arina"]
[Black "Surdez, Patrick"]
[Result "1-0"]
[TimeControl "15 + 5"]
[WhiteTitle "-"]
[BlackTitle "-"]
[WhiteFideId "34449850"]
[BlackFideId "1380206"]
[WhiteElo "1895"]
[BlackElo "1695"]

1. e4 c5 2. Nf3 d6 3. c3 Nc6 4. d4 cxd4 5. cxd4 Bg4 6.
Be2 Bxf3 7. Bxf3 Qb6 8. d5 Ne5 9. Qa4+ Nd7 10. O-O a6 11. Na3 Ngf6 12. Be3 Qd8 13. Rac1 g6 14. Bd4 Bg7 15. Qb3 O-O 16. Qxb7 Rb8 17.
Qxa6 Ra8 18. Qe2 e5 19. dxe6 fxe6 20. e5 Nd5 21. Bxd5 exd5 22. e6 Bxd4 23. e7 Qb6 24.
exf8=Q+ Rxf8 25. Qe6+ Rf7 26. Kh1 Kg7 27. Nc2 Bxb2 28. Rb1 Ne5 29. Ne3 Nd3 30. Nd1 Rxf2 31. Nxf2 Nxf2+ 32. Rxf2 Qxf2 33.
Qe7+ Kh6 34. Qe1 Qxe1+ 35. Rxe1 Be5 36. a4 Kg5 37. a5 Bc3 38. Rd1 d4 39. a6 Ba5 40. a7 1-0

[Event "Rapid Tournament (RAP)"]
[Site "Biel, Switzerland"]
[Date "2026.07.12"]
[Round "3.48"]
[White "Jaggy, Enzo"]
[Black "Ranieri, Pierpaolo"]
[Result "0-1"]
[TimeControl "15 + 5"]
[WhiteTitle "-"]
[BlackTitle "-"]
[WhiteFideId "1344919"]
[BlackFideId "893986"]
[WhiteElo "1682"]
[BlackElo "1891"]

1. c4 f5 2. b3 Nf6 3. Bb2 d6 4. e3 Nbd7 5. Qc2 g6 6. Be2 Bg7 7. h4 e5 8. Nc3 c6 9. Nf3 Qe7 10.
O-O-O Nc5 11. Ng5 h6 12. b4 Na6 13. b5 cxb5 14. cxb5 Nc5 15. d4 exd4 16. exd4 Nce4 17. Ngxe4 Nxe4 18.
Bf3 O-O 19. Nxe4 fxe4 20. Qxe4 Qxe4 21. Bxe4 Rxf2 22. Bxg6 Be6 23. Kb1 Rxg2 24. Rhg1 Rxg6 0-1

[Event "Rapid Tournament (RAP)"]
[Site "Biel, Switzerland"]
[Date "2026.07.12"]
[Round "3.49"]
[White "Zecirovic, Giacomo"]
[Black "Gast, Michael"]
[Result "1-0"]
[TimeControl "15 + 5"]
[WhiteTitle "-"]
[BlackTitle "-"]
[WhiteFideId "1339451"]
[BlackFideId "1373196"]
[WhiteElo "1886"]
[BlackElo "1682"]

1. e4 d6 2. d4 Nf6 3.
Bd3 g6 4. Nf3 Bg7 5. O-O O-O 6. Re1 c6 7. c4 Na6 8. Nc3 Nb4 9. Bb1 a5 10. a3 Na6 11. h3 Nc7 12. e5 dxe5 13.
Nxe5 Nd7 14. Nf3 b5 15. cxb5 Nxb5 16. Nxb5 cxb5 17. Qe2 e5 18. dxe5 Re8 19. Bf4 Ba6 20. Be4 b4 21. Qd2 Nxe5 22.
Nxe5 Qxd2 23. Bxd2 Rad8 24. Nf3 Bxb2 25. Rab1 bxa3 26. Bxa5 Rc8 27. Bd5 Rxe1+ 28. Bxe1 Bd3 29.
Rd1 Bc2 30. Rd2 Bc1 31. Re2 Bd1 32. Re7 Bxf3 33. gxf3 Bb2 34. Rxf7 Kh8 35. Ra7 Rc1 36. Kf1 Bc3 37. Ra8+ Kg7 38.
Re8 Ra1 39. f4 a2 40. Bxa2 Bxe1 41.
Rxe1 Rxa2 42. Re7+ Kh6 43. Kg2 Ra5 44. Kg3 g5 45. Re6+ Kh5 46. Re5 Ra3+ 47. f3 h6 48. fxg5 hxg5 49. h4 Ra1 50. Rxg5+ Kh6 51. Kg4 Ra4+ 52. f4 Ra1 53. h5 Rg1+ 54.
Kf5 Rf1 55. Rg8 Re1 56. Rh8+ Kg7 57. Rc8 Kh6 58. Kf6 Kxh5 59. Rh8+ Kg4 60. f5 Rf1 61. Rg8+ Kf4 62. Rc8 Re1 63.
Rc4+ Kf3 64. Kg7 Ra1 65. f6 Rg1+ 66. Kf8 Ke3 67. f7 Kd3 68. Rc6 Kd4 69. Ke7 Rf1 70. Rf6 Re1+ 71. Kd7 1-0

[Event "Rapid Tournament (RAP)"]
[Site "Biel, Switzerland"]
[Date "2026.07.12"]
[Round "3.50"]
[White "Knuesel, Jolan"]
[Black "Varela Tavares, Goncalo"]
[Result "0-1"]
[TimeControl "15 + 5"]
[WhiteTitle "-"]
[BlackTitle "-"]
[WhiteFideId "1364529"]
[BlackFideId "1344773"]
[WhiteElo "1651"]
[BlackElo "1880"]

1. d4 d5 2. Bf4 Nf6 3. e3 e6 4. Nf3 Bd6 5. Bg3 O-O 6. Bd3 Nbd7 7. Nbd2 b6 8.
Ne5 Bb7 9. Ndf3 Qe7 10. O-O c5 11. c3 Ne4 12. Bh4 f6 13. Qa4 Bxe5 14. Nxe5 Nxe5 15. dxe5 Qe8 16. Qxe8 Raxe8 17. exf6 Nxf6 18.
Bb5 Rd8 19. f3 d4 20. e4 dxc3 21. e5 cxb2 22. Rab1 Rd4 23. Bf2 Rb4 24. exf6 Rxb5 25. fxg7 Rd8 26. Bh4 Rd2 27. Bf6 Bd5 28.
a4 Rb3 29. Rfe1 c4 30. Bg5 Rc2 31. Kf1 c3 32. Rbd1 Kxg7 33. Bf4 Bc4+ 34. Kg1 Re2 35. Be5+ Rxe5 0-1

[Event "Rapid Tournament (RAP)"]
[Site "Biel, Switzerland"]
[Date "2026.07.12"]
[Round "3.51"]
[White "Hajduk, Tomasz"]
[Black "Gheorghiu, Gabriel-Ion"]
[Result "1-0"]
[TimeControl "15 + 5"]
[WhiteTitle "-"]
[BlackTitle "-"]
[WhiteFideId "21811415"]
[BlackFideId "1248820"]
[WhiteElo "1879"]
[BlackElo "1679"]

1. e4 d5 2. exd5 Nf6 3. d4 Bg4 4. Nf3 Qxd5 5. Be2 Nc6 6. c4 Qh5 7. d5 O-O-O 8. Qa4 Ne5 9. Nbd2 Kb8 10.
O-O e6 11. Nxe5 Bxe2 12. Nc6+ bxc6 13. dxc6 Qc5 14. b4 Qxb4 15. Rb1 a5 16. Rxb4+ Bxb4 17. Qb5+ 1-0